AoeStats
← Murderer Potato

MegaRandom

509495742Analyzed
4v4 RM · 6d ago on Sep 27, 2026· 19m 55s· 8 players
Game mode
Random Map
Map size
Large (8 player)
Population
200
Speed
Normal
Resources
Standard
Victory
Conquest
Starting age
Dark Age
Ending age
Imperial Age
RankedLock teamsTeams togetherTeam positionsShared explorationLock speedFull tech treeHidden civsTurbo modeCheats
Victory
Defeat
🇨🇱 Burgundians · Chile
1143
+14
🇨🇳 Cumans · China
1131
+14
🇧🇷 Portuguese · Brazil
1061
+17
🇧🇷 Italians · Brazil
1030
+18
🇵🇪 Aztecs · Peru
1104
-17
🇨🇦 Varangians · Canada
1099
-16
🇨🇳 Magyars · China
1077
-15
🇲🇽 Italians · Mexico
1067
-15
MAJEZTAD EZKANOR
11:32 Loom
13:19 Feudal Age
15:02 Wheelbarrow
14:10 Horse Collar
14:16 Double-Bit Axe
Bambam
3:48 Loom
13:24 Feudal Age
17:24 Bloodlines
marshall_o18
0:47 Loom
10:50 Feudal Age
20:18 Castle Age
18:55 Forging
18:56 Double-Bit Axe
David
7:24 Loom
8:22 Loom
10:21 Feudal Age
11:30 Double-Bit Axe
11:45 Horse Collar
13:19 Wheelbarrow
Jcn_x
0:34 Loom
13:50 Feudal Age
14:24 Horse Collar
15:58 Double-Bit Axe
18:26 Scale Mail Armor
18:22 Town Watch
Sesiom
12:21 Feudal Age
18:12 Castle Age
MU CHEN
6:45 Loom
9:41 Feudal Age
10:58 Double-Bit Axe
10:55 Horse Collar
16:30 Wheelbarrow
Murderer Potato
10:48 Feudal Age
15:29 Castle Age
13:29 Double-Bit Axe
15:09 Bow Saw
15:06 Loom
Connection lost

Rejoining the realm…

Still unreachable

The connection could not be restored.

Session expired

The server has moved on; the page needs a fresh start.